 Dungeon Crawl Stone Soup version 0.28-a0-413-gde365fb1df (webtiles) character file.

Game seed: 4309439222489606102

61 heikuro the Shield-Bearer (level 4, 0/37 HPs)
             Began as a Formicid Fighter on Sept 7, 2021.
             Was an Initiate of Ashenzari.
             Slain by an orc (3 damage)
             ... on level 3 of the Dungeon.
             The game lasted 00:05:05 (2297 turns).

heikuro the Shield-Bearer (Formicid Fighter)        Turns: 2297, Time: 00:05:05

Health: 0/37       AC:  7    Str: 21    XL:     4   Next: 27%
Magic:  4/4        EV:  9    Int:  8    God:    Ashenzari [......]
Gold:   138        SH:  4    Dex: 10    Spells: 3/3 levels left

rFire   . . .      SeeInvis +   a - +0 long sword
rCold   . . .      Faith    .   c - +0 buckler
rNeg    . . .      Spirit   .   b - +0 scale mail
rPois   .          Reflect  .   (helmet unavailable)
rElec   .          Harm     .   (no cloak)
rCorr   .          Rampage  .   (no gloves)
Will    .....                   (no boots)
Stlth   ..........              (no amulet)
HPRegen 0.12/turn               (no ring)
MPRegen 0.09/turn               (no ring)

@: no status effects
A: permanent stasis, dig shafts and tunnels, antennae 3, four strong arms
a: Dig, Shaft Self, Renounce Religion, Curse Item


You were on level 3 of the Dungeon.
You worshipped Ashenzari.
Ashenzari was noncommittal.
You visited 1 branch of the dungeon, and saw 3 of its levels.

You collected 138 gold pieces.

Inventory:

Hand Weapons
 a - a +0 long sword (weapon)
Missiles
 e - 2 javelins (quivered)
Armour
 b - a +0 scale mail (worn)
 c - a +0 buckler (worn)
Scrolls
 f - 3 scrolls of magic mapping
 h - 2 scrolls of enchant weapon
Potions
 d - a potion of might
 g - 2 potions of curing
 i - a potion of heal wounds
 j - a potion of flight


   Skills:
 + Level 3.7 Fighting
 * Level 3.0 Long Blades
 + Level 3.7 Armour
 + Level 4.1 Shields


You had 3 spell levels left.
You didn't know any spells.
Your spell library was empty.

Dungeon Overview and Level Annotations

Branches:
Dungeon (3/15)

Altars:
Ashenzari
Kikubaaqudgha


Innate Abilities, Weirdness & Mutations

You cannot be hasted, slowed, berserked, paralysed or teleported.
You can dig through walls and to a lower floor.
You have a pair of large antennae on your head. (SInv)
Your four strong arms can wield two-handed weapons with a shield.


Message History

You hit the orc.
The orc is moderately wounded.
The orc priest hits you but does no damage.
The orc barely misses you.
You hit the orc priest.
The orc priest is almost dead.
The orc priest calls upon Beogh to heal the orc.
The orc's wounds heal themselves!
The orc hits you but does no damage.
The orc priest calls down the wrath of Beogh upon you.
Beogh smites you!
You hit the orc priest but do no damage.
The orc priest is almost dead.
The orc hits you but does no damage. The orc priest closely misses you.
You barely miss the orc priest.
The orc priest is almost dead.
The orc closely misses you.
The orc priest looks satisfied for a moment.
The orc hits you but does no damage.
You hit the orc priest.
The orc priest is almost dead.
The orc priest mumbles some strange prayers to Beogh against you.
Beogh smites you!
* * * LOW HITPOINT WARNING * * *
The orc hits you but does no damage.
You barely miss the orc priest.
The orc priest is almost dead.
The orc priest hits you but does no damage.
You block the orc's attack.
The orc priest hits you with a +0 dagger.
* * * LOW HITPOINT WARNING * * *
You hit the orc priest but do no damage.
The orc priest is almost dead.
The orc hits you with a +0 dagger.
* * * LOW HITPOINT WARNING * * *
The orc priest hits you with a +0 dagger.
* * * LOW HITPOINT WARNING * * *
You hit the orc priest.
You kill the orc priest!
The orc barely misses you. The orc hits you with a +0 dagger.
You die...

#.......# #....... #.......#
#....... #.......#
###########....... #.......#
#.........'....... # #.......#
#.#########....... # #.......#
#.# ####.......
######.......###.######.......###
.....÷.......+............>......
.............###@######.......###
................)oo..............
..............§§≈≈w.####.._..####
...........#.....................
......####.####...............##.
##'#### #.# #...............##.
#..# ####.## ##.######.......##.
##.# #.....# #.# #.......##. #.#
#.....# #.. #....†..##.


You could see a worm and 2 orcs.

Vanquished Creatures
  An orc priest (D:3)
  2 adders
  A worm (D:3)
  A dart slug (D:1)
  2 orcs (D:3)
  4 endoplasms
  A goblin (D:1)
  2 hobgoblins (D:1)
  4 jackals (D:1)
  3 quokkas
  8 ball pythons
  3 kobolds
  3 rats
35 creatures vanquished.

Notes
Turn   | Place    | Note
-------+----------+-------------------------------------------
     0 | D:1      | heikuro the Formicid Fighter began the quest for the Orb.
     0 | D:1      | Reached XP level 1. HP: 18/18 MP: 1/1
   169 | D:1      | Reached XP level 2. HP: 23/24 MP: 2/2
   342 | D:1      | Found a faded altar of an unknown god.
   420 | D:1      | Became a worshipper of Ashenzari the Shackled
   598 | D:1      | Reached XP level 3. HP: 29/29 MP: 3/3
   663 | D:1      | Reached skill level 4 in Shields
  1785 | D:3      | Reached XP level 4. HP: 37/37 MP: 4/4
  2074 | D:3      | Noticed a kobold brigand
  2115 | D:3      | Found an ancient bone altar of Kikubaaqudgha.
  2297 | D:3      | Slain by an orc

Illustrated notes

Levels and vault maps discovered:
D:1:      sevenhm_arrival_forest_fort_small_5, layout_basic, serial_glass,
          glass_columns_c, glass_columns_a, shapermc_ecumenical_altar_pompeii
D:2:      layout_loops_ring, minmay_splitting_lines
D:3:      layout_basic, mainiacjoe_overflow_boulevard, trog_book,
          chequers_serial_rivers_micro_c

Skill      XL: |  1  2  3  4 |
---------------+-------------+-----
Shields        | 4 |  4.1
Long Blades    | 3 |  3.0
Fighting       | |  3.7
Armour         | |  3.7

Action                   |  1- 3 |  4- 6 || total
-------------------------+-------+-------++-------
Melee: Long sword        |    80 |    47 ||   127
Armor: Scale mail        |    33 |    20 ||    53
Dodge: Dodged            |    54 |    21 ||    75
Block: Buckler           |    19 |    12 ||    31

Table legend: (Time is in decaauts)
 A = Elapsed time spent in this place.
 B = Non-inter-level travel time spent in this place.
 C = Inter-level travel time spent in this place.
 D = Time resting spent in this place.
 E = Time spent auto-exploring this place.
 F = Levels seen in this place.
 G = Mean time per level.
                   A        B        C        D        E       F      G
               +--------+--------+--------+--------+--------+-----+--------+
         Total |   2337 |   2239 |     98 |    451 |   1223 |   3 |  779.0 |
       Dungeon |   2337 |   2239 |     98 |    451 |   1223 |   3 |  779.0 |
               +--------+--------+--------+--------+--------+-----+--------+

Top non-repeatable levels by time:
     D:2: 1000 daAuts
     D:1: 901 daAuts
     D:3: 436 daAuts
